 Dungeon Crawl Stone Soup version 0.25.1-8-g42b30a86e7 (webtiles) character file.

Game seed: 603452734994161880

30163 Allula97 the Grappler (level 13, 0/126 (132) HPs)
             Began as a Demonspawn Fighter on Dec 3, 2020.
             Was a Plaything of Xom.
             Engulfed by a death drake's foul pestilence (9 damage)
             ... in a Gauntlet.
             The game lasted 01:13:35 (15010 turns).

Allula97 the Grappler (Demonspawn Fighter)         Turns: 15010, Time: 01:13:35

HP:   0/126 (132)   AC: 21    Str: 22 (23) XL:     13   Next: 19%
MP:   18/18         EV: 13    Int: 10      God:    Xom [.....*]
Gold: 840           SH: 12    Dex: 17      Spells: 13/19 levels left

rFire    + + .     SeeInvis .     - Unarmed
rCold    + + .     Gourm    .   c - +0 kite shield
rNeg     + + .     Faith    +   l - +1 plate armour of Dyspraxia {-Tele rF+ rN++ Str+3}
rPois    +         Spirit   .   P - +2 hat
rElec    +         Reflect  .   t - +2 cloak
rCorr    +         Harm     .   (gloves unavailable)
MR       .....     Clarity  +   x - +0 pair of boots Stlth ..........NoTele +
                                G - amulet of Siuwka {Faith rPois Int+3}
HPRegen  0.00/turn              o - +4 ring of slaying
MPRegen  0.16/turn              M - ring of Quca {rElec rC+ EV+4 Int-2}

@: berserking (expiring), lethally poisoned (0 -> -19), resistant,
non-regenerating, diseased, slowed, drained
A: claws 3, horns 1, agile 1, blink, clarity, demonic guardian 1, deterioration
1, frail 1, mutation resistance 1, powered by death 2, screaming 1, electricity
resistance, teleportitis 1, MP-powered wands, sturdy frame 1
a: Blink, Renounce Religion


You were in a Gauntlet.
You worshipped Xom.
You were Xom's teddy bear.
You were not hungry.

You visited 3 branches of the dungeon, and saw 14 of its levels.
You visited 1 bazaar.
You also visited: Bailey and Gauntlet.

You collected 2463 gold pieces.
You spent 1623 gold pieces at shops.

Inventory:

Hand Weapons
 z - the +7 dire flail of Gafiwookua {flame, rC+ MP+9 Dex+3 Stlth-}
   (You found it on level 6 of the Dungeon)

   It has been specially enchanted to burn those struck by it, causing extra
   injury to most foes and up to half again as much damage against particularly
   susceptible opponents.
   It affects your dexterity (+3).
   It protects you from cold.
   It affects your magic capacity (+9).
   It makes you less stealthy.
 J - the +5 trident of the Establishment {holy, rElec rF+ rC- Str+3, unknown}
   (You found it on level 1 of the Lair of Beasts)

   It has been blessed by the Shining One to cause great damage to the undead
   and demons.
   It affects your strength (+3).
   It protects you from fire.
   It makes you vulnerable to cold.
   It insulates you from electricity.
 L - the +11 fustibalus "Etuschu Juqu" {venom, rElec rC+ Stlth+}
   (You bought it in a shop in a bazaar)

   It poisons the ammo it fires.
   It protects you from cold.
   It insulates you from electricity.
   It makes you more stealthy.
Missiles
 b - 11 curare-tipped darts (quivered)
 p - 8 datura-tipped darts
 r - 2 atropa-tipped darts
Armour
 c - a +0 kite shield (worn)
 l - the +1 plate armour of Dyspraxia (worn) {-Tele rF+ rN++ Str+3}
   (You bought it in a shop on level 6 of the Dungeon)

   It affects your strength (+3).
   It protects you from fire.
   It greatly protects you from negative energy.
   It prevents most forms of teleportation.
 t - a +2 cloak (worn)
 x - a +0 pair of boots (worn)
 C - a scarf of resistance
 E - the +3 chain mail of Boenih {rF++ MR+++ Str-4 Dex-5}
   (You found it in a bailey)

   It affects your strength (-4).
   It affects your dexterity (-5).
   It greatly protects you from fire.
   It affects your resistance to hostile enchantments.
 P - a +2 hat (worn)
Jewellery
 o - a +4 ring of slaying (left claw)
 w - an uncursed amulet of guardian spirit
 B - a +6 ring of dexterity
 G - the amulet of Siuwka (around neck) {Faith rPois Int+3}
   (You found it on level 1 of the Lair of Beasts)

   [amulet of faith]

   It allows you to gain divine favour quickly.
   It affects your intelligence (+3).
   It protects you from poison.
 M - the ring of Quca (right claw) {rElec rC+ EV+4 Int-2}
   (You acquired it on level 10 of the Dungeon)

   [ring of evasion]

   It affects your evasion (+4).
   It affects your intelligence (-2).
   It protects you from cold.
   It insulates you from electricity.
 N - an uncursed ring of see invisible
Wands
 a - a wand of polymorph (7)
 D - a wand of enslavement (9)
 O - a wand of paralysis (4)
Scrolls
 e - 2 scrolls of noise
 g - a scroll of enchant armour
 h - 4 scrolls of remove curse
 j - 6 scrolls of immolation
 k - 4 scrolls of blinking
 s - 3 scrolls of fog
 u - 2 scrolls of brand weapon
 v - 7 scrolls of teleportation
 y - 3 scrolls of fear
 K - a scroll of summoning
Potions
 d - a potion of flight
 m - 3 potions of lignification
 n - 4 potions of stabbing
 q - 2 potions of brilliance
 F - a potion of might
 H - 2 potions of berserk rage
Comestibles
 f - 35 rations


   Skills:
 * Level 7.9(6.9) Fighting
   Level 3.5(2.6) Axes
 * Level 9.1(8.1) Armour
 * Level 6.5(5.6) Dodging
 - Level 1.0(0.2) Stealth
 + Level 8.8(7.8) Shields
 * Level 12.5(11.4) Unarmed Combat
 * Level 3.7(2.8) Spellcasting
 * Level 3.9(3.1) Transmutations
 + Level 0.7(0.0) Evocations


You had 13 spell levels left.
You knew the following spells:

 Your Spells              Type           Power        Failure   Level  Hunger
a - Statue Form           Tmut/Erth      #........    100%        6    #######

Your spell library contained the following spells:

 Spells                   Type           Power        Failure   Level  Hunger
 Animate Skeleton         Necr           N/A          99%         1    ##.....
 Apportation              Tloc           #.....       99%         1    ##.....
 Corona                   Hex            #......      99%         1    ##.....
 Summon Small Mammal      Summ           #...         99%         1    ##.....
 Irradiate                Conj/Tmut      #.........   100%        5    ######.
 Hydra Form               Tmut           #.........   100%        6    #######
 Dragon Form              Tmut           #.........   100%        7    #######


Dungeon Overview and Level Annotations

Branches:
Dungeon (12/15)            Temple (1/1) D:4            Lair (1/6) D:11
    Orc (0/2) D:12         Bailey (visited)         Gauntlet (1/1)

Altars:
Ashenzari
Cheibriados
Dithmenos
Elyvilon
Fedhas
Gozag
Hepliaklqana
Kikubaaqudgha
Makhleb
Nemelex Xobeh
Okawaru
Qazlal
Ru
Sif Muna
Trog
Uskayaw
Vehumet
Wu Jian
Xom
Yredelemnul
Zin
The Shining One

Shops:
D:6 [

Annotations:
Gauntlet 7 transporters, 16 runed translucent doors


Innate Abilities, Weirdness & Mutations

You have claws for hands.
A weak demonic guardian rushes to your aid.
You regenerate health from kills.
Your movements are slightly less encumbered by armour. (ER -2)
You have a pair of small horns on your head.
You are agile. (Dex +2)
You can translocate small distances at will.
You possess an exceptional clarity of mind.
Your body sometimes deteriorates upon taking damage.
You are frail. (-10% HP)
You are somewhat resistant to further mutation.
You occasionally shout uncontrollably at your foes.
You are resistant to electric shocks. (rElec)
You are occasionally teleported next to monsters.
You expend magic power (3 MP) to strengthen your wands.


Message History

The death drake is almost dead.
The death drake barely misses you.
You claw the death drake!
The death drake is almost dead.
The death drake breathes miasma at you. The foul vapour engulfs you.
You are poisoned.
You feel your flesh rotting away!
* * * LOW HITPOINT WARNING * * *
You barely miss the death drake. Your headbutt misses the death drake.
The death drake is almost dead.
You are engulfed in dark miasma.
You feel your flesh rotting away!
You feel ill.
* * * LOW HITPOINT WARNING * * *
x2 You feel sick.
The death drake misses you.
You miss the death drake. Your headbutt misses the death drake.
The death drake is almost dead.
You are engulfed in dark miasma.
You feel your flesh rotting away!
You die...

#.#.....##$[#.#.........#.#......
#.#..###.##.#.#.##...##.#.#.P.P.P
#.#.##.##J#!#.#.#.###.#.#.#.P#PPP
#.#.#.#.#.#.#.#..##.##..#.#.PPP.P
#.#.#.#©#...#.#....©.k_.#.#..
#.#.#.#.#.#.#.#..##.##..#.#.P
##.#.#°#.###.# #.#
#.J#.#°##°°[##.#.#
...J#.#5@kZ©$...#.#.
#####.###########.##
....................
................≈∩≈.
#################### #8 #8
#≈.......... # ## #8..©.©.©.©.
#≈.........


You could see a death drake (catching breath), a slime creature, a jelly, a
centaur warrior zombie and a friendly white imp (summoned).

Vanquished Creatures
  Kirke (D:12)
  A hydra (Lair:1)
  Harold (D:7)
  Fannar (D:11)
  A centaur warrior (D:10)
  6 two-headed ogres
  The ghost of Descartes the Grappler, a novice TrWr (D:8)
  A death scarab (Gauntlet)
  An orc high priest (Bailey)
  Sonja (D:11)
  An unseen horror (D:10)
  4 skeletal warriors (D:11)
  A deep elf archer (D:12)
  A deep elf mage (D:9)
  A cyclops (D:12)
  Maurice (D:8)
  A black mamba (Lair:1)
  Psyche (D:11)
  4 centaur zombies
  A komodo dragon (Lair:1)
  A kobold demonologist (Bailey)
  A queen bee (Gauntlet)
  2 trolls (D:12)
  A hornet (D:9)
  Prince Ribbit (D:9)
  5 slime creatures
  2 hippogriffs
  A wyvern (D:9)
  A shadow (D:11)
  13 yaks
  A hungry ghost (D:11)
  2 soldier ants
  2 ice beasts
  11 orc warriors
  6 ogres
  2 phantoms
  2 black bears
  An eye of draining (D:8)
  A necrophage (D:9)
  2 sky beasts
  6 centaurs
  4 bullfrogs
  A gnoll sergeant (D:8)
  A wyvern skeleton (D:9)
  3 scorpions
  22 killer bees
  5 howler monkeys (D:10)
  4 electric eels (Bailey)
  8 crimson imps
  2 bullfrog zombies
  2 bullfrog skeletons (D:4)
  11 hounds
  5 jellies
  5 orc priests
  2 centaur skeletons
  4 iguanas
  4 orc wizards
  Natasha (thrice) (D:4)
  A statue (D:6)
  8 worker ants
  A worker ant zombie (D:7)
  20 gnolls
  A howler monkey skeleton (D:4)
  6 adders
  3 shadow imps
  An adder zombie (D:6)
  5 oozes (D:11)
  2 adder skeletons
  2 worms
  5 dart slugs
  4 leopard geckos
  33 orcs
  5 giant cockroaches
  17 goblins
  13 hobgoblins
  4 jackals (D:9)
  6 kobolds
  3 quokkas
  4 ball pythons (D:1)
  5 bats
  2 frilled lizards (D:2)
  A leopard gecko zombie (D:9)
  A quokka skeleton (D:5)
  A quokka zombie (D:6)
  9 rats
344 creatures vanquished.

Vanquished Creatures (collateral kills)
  A hydra (D:12)
  A two-headed ogre (D:6)
  A spectral hydra (Gauntlet)
  The ghost of DungeonDestroyer the Shield-Bearer, a novice GnFi of Okawaru (D:6)
  A hippogriff (D:8)
  A slime creature (D:12)
  A yak (D:10)
  A hog (D:12)
  A necrophage (D:5)
  2 centaurs
  3 ogres
  A bullfrog (D:9)
  A big kobold (D:8)
  A wyvern skeleton (D:9)
  3 scorpions
  An iron imp (D:6)
  A worker ant (D:7)
  3 orcs
  2 kobolds (D:8)
27 creatures vanquished.

Vanquished Creatures (others)
  A sky beast (D:5)
  An ogre (D:5)
  An iguana (D:5)
  A hobgoblin (Bailey)
  A plant (Gauntlet)
5 creatures vanquished.

Grand Total: 376 creatures vanquished

Notes
Turn   | Place    | Note
-------+----------+-------------------------------------------
     0 | D:1      | Allula97 the Demonspawn Fighter began the quest for the
                  | Orb.
     0 | D:1      | Reached XP level 1. HP: 18/18 MP: 1/1
   143 | D:1      | Gained mutation: You have sharp fingernails. [demonic
                  | ancestry]
   143 | D:1      | Reached XP level 2. HP: 24/24 MP: 2/2
   960 | D:2      | Reached XP level 3. HP: 27/29 MP: 3/3
  2039 | D:3      | Gained mutation: You regenerate a little health from kills.
                  | [demonic ancestry]
  2039 | D:3      | Reached XP level 4. HP: 28/35 MP: 4/4
  2119 | D:3      | Reached skill level 1 in Stealth
  2198 | D:3      | Found a faded altar of an unknown god.
  2205 | D:3      | Became a worshipper of Xom of Chaos
  2208 | D:3      | XOM: silly message
  2444 | D:3      | Found a hazy altar of Hepliaklqana.
  2645 | D:3      | Reached skill level 1 in Unarmed Combat
  2645 | D:3      | Gained mutation: Your movements are slightly less
                  | encumbered by armour. (ER -2) [demonic ancestry]
  2645 | D:3      | Reached XP level 5. HP: 19/42 MP: 5/5
  2698 | D:3      | XOM: cloud trail
  2801 | D:4      | Noticed an ogre
  2810 | D:4      | XOM: silly message
  2811 | D:4      | XOM: silly message
  2829 | D:4      | Killed an ogre
  2829 | D:4      | Reached skill level 1 in Dodging
  2898 | D:4      | XOM: divination: detect items
  3002 | D:4      | Noticed Natasha
  3013 | D:4      | Killed Natasha
  3013 | D:4      | Reached XP level 6. HP: 36/48 MP: 6/6
  3043 | D:4      | XOM: silly message
  3048 | D:4      | XOM: divination: detect creatures
  3168 | D:4      | XOM: potion effect (stabbing)
  3339 | D:4      | XOM: confuse monster(s)
  3347 | D:4      | Reached skill level 2 in Unarmed Combat
  3522 | D:4      | Found a staircase to the Ecumenical Temple.
  3528 | D:4      | Got a faintly humming leather armour
  3538 | D:4      | Identified the cursed +0 leather armour of Raxiun {rCorr
                  | MP-9 SInv} (You found it on level 4 of the Dungeon)
  3567 | D:4      | Gained mutation: Scrolls take you a little longer to read.
                  | [potion of mutation]
  3567 | D:4      | Gained mutation: You expend magic power (3 MP) to
                  | strengthen your wands. [potion of mutation]
  3573 | Temple   | Entered the Ecumenical Temple
  4035 | D:4      | Gained mutation: A weak demonic guardian rushes to your
                  | aid. [demonic ancestry]
  4035 | D:4      | Reached XP level 7. HP: 53/54 MP: 7/7
  4037 | D:4      | Noticed Natasha
  4047 | D:4      | Killed Natasha
  4094 | D:4      | Found a shimmering blue altar of Sif Muna.
  4314 | D:4      | Reached skill level 3 in Unarmed Combat
  4437 | D:4      | Noticed Natasha
  4450 | D:4      | XOM: enchant monster (bad)
  4458 | D:4      | Killed Natasha
  4462 | D:4      | Lost mutation: Scrolls take you a little longer to read.
                  | [potion of mutation]
  4462 | D:4      | Lost mutation: You expend magic power (3 MP) to strengthen
                  | your wands. [potion of mutation]
  4462 | D:4      | Gained mutation: You occasionally shout uncontrollably at
                  | your foes. [potion of mutation]
  4462 | D:4      | Gained mutation: You are occasionally teleported next to
                  | monsters. [potion of mutation]
  4462 | D:4      | Gained mutation: You are agile. (Dex +2) [potion of
                  | mutation]
  4462 | D:4      | Gained mutation: You are resistant to electric shocks.
                  | (rElec) [potion of mutation]
  4671 | D:5      | Entered Level 5 of the Dungeon
  4693 | D:5      | XOM: scenery: 1 doors open
  4719 | D:5      | HP: 2/54 [gnoll/+0 halberd (2)]
  4720 | D:5      | Xom revived you
  5008 | D:5      | XOM: scenery: create altars
  5092 | D:5      | Found a burning altar of Makhleb.
  5329 | D:5      | XOM: scenery: 1 doors close
  5364 | D:5      | XOM: 1-stop teleportation journey
  5527 | D:5      | Reached skill level 4 in Unarmed Combat
  5527 | D:5      | Reached XP level 8. HP: 47/59 MP: 8/8
  5530 | D:5      | Found a white marble altar of Elyvilon.
  5568 | D:5      | XOM: silly message
  5582 | D:5      | XOM: scenery: 1 doors close
  5724 | D:5      | XOM: summons 5 hostile demons
  5754 | D:5      | XOM: stat loss: -1 Dex (16/17)
  5832 | D:5      | XOM: god gift: 930 gold pieces
  6028 | D:5      | XOM: cast spell 'Chain of Chaos'
  6079 | D:5      | XOM: divine lightning
  6307 | D:6      | Found a snail-covered altar of Cheibriados.
  6310 | D:6      | Found Xoewn's Armour Shoppe.
  6334 | D:6      | Bought the cursed +1 plate armour of Dyspraxia {-Tele rF+
                  | rN++ Str+3} for 602 gold pieces
  6358 | D:6      | Found a snail-covered altar of Cheibriados.
  6416 | D:6      | Found a transporter.
  6418 | D:6      | Identified the +7 dire flail of Gafiwookua {flame, rC+ MP+9
                  | Dex+3 Stlth-}
  6418 | D:6      | Noticed a two-headed ogre
  6418 | D:6      | Noticed DungeonDestroyer's ghost (novice GnFi)
  6434 | D:6      | XOM: scenery: create altars
  6519 | D:6      | Found a radiant altar of Vehumet.
  6698 | D:6      | XOM: divination: detect items
  6703 | D:6      | Found an ancient bone altar of Kikubaaqudgha.
  6791 | D:6      | Found a transporter.
  6793 | D:6      | XOM: divination: magic mapping
  6799 | D:6      | XOM: potion effect (heal wounds)
  7097 | D:6      | XOM: cast spell 'Necromutation'
  7103 | D:6      | Killed a two-headed ogre
  7103 | D:6      | Reached skill level 5 in Armour
  7103 | D:6      | Reached skill level 5 in Unarmed Combat
  7108 | D:6      | Killed DungeonDestroyer's ghost
  7108 | D:6      | Reached skill level 5 in Fighting
  7108 | D:6      | Reached skill level 5 in Shields
  7108 | D:6      | Reached XP level 9. HP: 54/68 MP: 9/9
  7373 | D:7      | Noticed Harold
  7373 | D:7      | XOM: cast spell 'Statue Form'
  7376 | D:7      | XOM: summons friendly white imp
  7382 | D:7      | Killed Harold
  7382 | D:7      | Reached skill level 6 in Unarmed Combat
  7503 | D:7      | XOM: divination: detect creatures
  7637 | D:7      | XOM: god gift: 18 arrows
  7677 | D:7      | XOM: scenery: create altars
  7992 | D:7      | Noticed a two-headed ogre
  7995 | D:7      | XOM: butterfly on damage
  8004 | D:7      | XOM: silly message
  8011 | D:7      | Killed a two-headed ogre
  8011 | D:7      | Reached skill level 7 in Unarmed Combat
  8135 | D:7      | XOM: summons 3 hostile shadow creatures
  8375 | D:7      | XOM: god gift: 25 sling bullets
  8377 | D:7      | Found a sacrificial altar of Ru.
  8488 | D:8      | Found a large runed translucent door.
  8488 | D:8      | Found a large runed translucent door.
  8490 | D:8      | Noticed Descartes's ghost (novice TrWr)
  8517 | D:8      | XOM: divination: detect items
  8562 | D:8      | Found a flagged portal.
  8578 | Bailey   | Entered a bailey
  8692 | Bailey   | Found an iron altar of Okawaru.
  8692 | Bailey   | Noticed an orc high priest
  8692 | Bailey   | Noticed a kobold demonologist
  8693 | Bailey   | Noticed an orange demon
  8708 | Bailey   | XOM: cleaving
  8712 | Bailey   | Killed an orc high priest
  8712 | Bailey   | Gained mutation: You regenerate health from kills. [demonic
                  | ancestry]
  8712 | Bailey   | Reached XP level 10. HP: 42/76 MP: 7/10
  8747 | Bailey   | Reached skill level 8 in Unarmed Combat
  9006 | Bailey   | Acquired 580 gold pieces
  9141 | Bailey   | Got a heavily runed chain mail
  9143 | Bailey   | Got a heavily runed plate armour
  9147 | Bailey   | Identified the +3 chain mail of Boenih {rF++ MR+++ Str-4
                  | Dex-5} (You found it in a bailey)
  9159 | Bailey   | Identified the cursed +1 plate armour "Saminyen" {+Blink
                  | rPois Stlth+} (You found it in a bailey)
  9223 | D:8      | Found an iron altar of Okawaru.
  9246 | D:8      | Noticed a two-headed ogre
  9247 | D:8      | Noticed Maurice
  9555 | D:8      | HP: 3/76 [two-headed ogre/+0 giant club (11)]
  9558 | D:8      | Killed a two-headed ogre
  9568 | D:8      | XOM: summons friendly shadow imp
  9574 | D:8      | Killed Maurice
  9624 | D:8      | XOM: noise
  9669 | D:8      | Found a hide-covered altar of Uskayaw.
  9721 | D:8      | XOM: polymorph shadow imp -> crimson imp
  9840 | D:8      | Found a glowing silver altar of Zin.
 10143 | D:8      | Reached skill level 9 in Unarmed Combat
 10160 | D:8      | XOM: god gift: 44 gold pieces
 10172 | D:8      | Found a sacrificial altar of Ru.
 10218 | D:8      | XOM: silly message
 10405 | D:8      | XOM: god gift: 12 stones
 10531 | D:8      | Killed Descartes's ghost
 10571 | D:9      | Noticed a two-headed ogre
 10574 | D:9      | XOM: fog
 10585 | D:9      | Gained mutation: You have very sharp fingernails. [demonic
                  | ancestry]
 10585 | D:9      | Reached XP level 11. HP: 55/80 MP: 7/11
 10606 | D:9      | XOM: divination: magic mapping
 10607 | D:9      | Noticed a two-headed ogre
 10609 | D:9      | Killed a two-headed ogre
 10613 | D:9      | Killed a two-headed ogre
 10613 | D:9      | Reached skill level 5 in Dodging
 10743 | D:9      | Found a shimmering altar of Xom.
 10743 | D:9      | Noticed Prince Ribbit
 10750 | D:9      | Killed Prince Ribbit
 10752 | D:9      | Found a shimmering altar of Xom.
 10752 | D:9      | Found a shimmering altar of Xom.
 10757 | D:9      | Found a shimmering altar of Xom.
 10769 | D:9      | Learned a level 6 spell: Statue Form
 10850 | D:9      | You fall into a shaft and drop 3 floors!
 10900 | D:12     | XOM: smoke on damage
 10907 | D:12     | Reached skill level 10 in Unarmed Combat
 10928 | D:12     | XOM: cleaving
 10931 | D:12     | Found a staircase to the Orcish Mines.
 10936 | D:12     | Found a bloodstained altar of Trog.
 10966 | D:12     | Reached skill level 1 in Transmutations
 10997 | D:11     | Found a flickering gateway to a bazaar.
 11009 | Bazaar   | XOM: noise
 11009 | Bazaar   | Entered a bazaar
 11009 | Bazaar   | Found Vuowuikh's General Store.
 11009 | Bazaar   | Found Ebokhip's Weapon Emporium.
 11010 | Bazaar   | Found Opogal's Gadget Shoppe.
 11010 | Bazaar   | Found Buceas's Gadget Emporium.
 11039 | Bazaar   | Bought a scroll of teleportation for 33 gold pieces
 11039 | Bazaar   | Bought a scroll of summoning for 104 gold pieces
 11039 | Bazaar   | Bought 2 potions of berserk rage for 110 gold pieces
 11045 | Bazaar   | Bought the +11 fustibalus "Etuschu Juqu" {venom, rElec rC+
                  | Stlth+} for 774 gold pieces
 11064 | D:11     | Noticed Fannar
 11076 | D:11     | XOM: enchant monster (good)
 11093 | D:11     | XOM: summons friendly quasit
 11105 | D:11     | Killed Fannar
 11105 | D:11     | Reached skill level 1 in Spellcasting
 11125 | D:11     | Noticed Psyche
 11133 | D:11     | Killed Psyche
 11228 | D:11     | Noticed a skeletal warrior
 11229 | D:11     | Noticed a skeletal warrior
 11229 | D:11     | Noticed a skeletal warrior
 11229 | D:11     | Noticed a skeletal warrior
 11230 | D:11     | XOM: confuse monster(s)
 11237 | D:11     | XOM: potion effect (magic)
 11244 | D:11     | Killed a skeletal warrior
 11248 | D:11     | XOM: blink monster(s)
 11250 | D:11     | XOM: noise
 11262 | D:10     | Entered Level 10 of the Dungeon
 11264 | D:10     | XOM: enchant monster (bad)
 11477 | D:10     | XOM: silly message
 11479 | D:10     | XOM: summons 1 hostile shadow creature
 11607 | D:10     | Killed an unseen horror
 11655 | D:10     | Noticed a centaur warrior
 11661 | D:10     | XOM: chaos upgrade
 11669 | D:10     | XOM: swap monsters
 11674 | D:10     | Killed a centaur warrior
 11678 | D:10     | XOM: give mutation
 11678 | D:10     | Gained mutation: You have a pair of small horns on your
                  | head. [Xom's grace]
 11699 | D:10     | Acquired the ring of Quca {rElec rC+ EV+4 Int-2}
 11858 | D:10     | Reached XP level 12. HP: 90/90 MP: 14/14
 12004 | D:9      | Reached skill level 11 in Unarmed Combat
 12078 | D:8      | XOM: summons 1 hostile demon
 12155 | D:9      | XOM: silly message
 12380 | D:9      | Noticed a two-headed ogre
 12381 | D:9      | Noticed a two-headed ogre
 12387 | D:9      | Killed a two-headed ogre
 12388 | D:9      | XOM: scenery: create altars
 12391 | D:9      | Killed a two-headed ogre
 12730 | D:9      | XOM: give mutations
 12730 | D:9      | Gained mutation: You are frail. (-10% HP) [Xom's mischief]
 12730 | D:9      | Gained mutation: You are dopey. (Int -2) [Xom's mischief]
 12952 | D:10     | XOM: stat loss: -1 Int (4/5)
 13077 | D:11     | Found a staircase to the Lair.
 13096 | D:11     | XOM: summons 3 hostile demons
 13103 | D:11     | XOM: stat loss: -1 Int (3/5)
 13254 | D:11     | XOM: enchant monster (bad)
 13257 | D:11     | XOM: torment (53/80 hp)
 13310 | D:11     | Got an emerald-encrusted chain mail
 13360 | D:11     | XOM: smoke on damage
 13367 | D:11     | XOM: give mutations
 13367 | D:11     | Lost mutation: You are dopey. (Int -2) [Xom's mischief]
 13367 | D:11     | Gained mutation: Your body sometimes deteriorates upon
                  | taking damage. [Xom's mischief]
 13371 | D:11     | XOM: chaos upgrade
 13372 | D:11     | XOM: enchant monster (good)
 13435 | D:11     | XOM: scenery: 1 doors close
 13627 | D:11     | XOM: give mutation
 13627 | D:11     | Gained mutation: You can translocate small distances at
                  | will. [Xom's grace]
 13678 | D:11     | Noticed Sonja
 13680 | D:11     | XOM: polymorph iron imp -> quasit
 13686 | D:11     | XOM: scenery: 1 doors close
 13687 | D:11     | Killed Sonja
 13753 | D:11     | XOM: give mutations
 13753 | D:11     | Gained mutation: You are somewhat resistant to further
                  | mutation. [Xom's grace]
 13753 | D:11     | Gained mutation: You have claws for hands. [Xom's grace]
 13753 | D:11     | Gained mutation: You possess an exceptional clarity of
                  | mind. [Xom's grace]
 13753 | D:11     | Gained mutation: You expend magic power (3 MP) to
                  | strengthen your wands. [Xom's grace]
 13876 | D:12     | XOM: smoke on damage
 13972 | D:12     | Reached skill level 12 in Unarmed Combat
 14144 | D:12     | XOM: cleaving
 14162 | D:12     | Noticed a five-headed hydra
 14165 | D:12     | Noticed Kirke
 14169 | D:12     | Killed a nine-headed hydra
 14180 | D:12     | Killed Kirke
 14191 | D:12     | XOM: scenery: 1 doors close
 14210 | D:12     | Reached XP level 13. HP: 66/87 MP: 8/18
 14477 | D:12     | XOM is BORED!
 14493 | Lair:1   | Entered Level 1 of the Lair of Beasts
 14545 | Lair:1   | Got a heavily runed ivory amulet
 14547 | Lair:1   | Got a pitted trident
 14572 | Lair:1   | Found a gate leading to a gauntlet.
 14577 | Gauntlet | Entered a Gauntlet
 14577 | Gauntlet | Found a transporter.
 14577 | Gauntlet | Found a large runed translucent door.
 14577 | Gauntlet | Found a large runed translucent door.
 14577 | Gauntlet | Found a large runed translucent door.
 14577 | Gauntlet | Found a large runed translucent door.
 14577 | Gauntlet | Found a runed translucent door.
 14577 | Gauntlet | Found a runed translucent door.
 14577 | Gauntlet | Found a large runed translucent door.
 14577 | Gauntlet | Found a large runed translucent door.
 14577 | Gauntlet | Found a large runed translucent door.
 14577 | Gauntlet | Found a large runed translucent door.
 14577 | Gauntlet | Found a large runed translucent door.
 14577 | Gauntlet | Found a large runed translucent door.
 14578 | Gauntlet | Found a large runed translucent door.
 14578 | Gauntlet | Found a large runed translucent door.
 14579 | Gauntlet | Found a large runed translucent door.
 14579 | Gauntlet | Found a large runed translucent door.
 14579 | Gauntlet | Found a large runed translucent door.
 14579 | Gauntlet | Found a large runed translucent door.
 14631 | Gauntlet | Found a transporter.
 14661 | Gauntlet | Found a transporter.
 14691 | Gauntlet | Found a runed translucent gate.
 14691 | Gauntlet | Found a runed translucent gate.
 14691 | Gauntlet | Found a runed translucent gate.
 14693 | Gauntlet | Found a transporter.
 14695 | Gauntlet | Found a transporter.
 14697 | Gauntlet | Found a transporter.
 14728 | Gauntlet | Found a transporter.
 14730 | Gauntlet | Found a transporter.
 14760 | Gauntlet | Found a transporter.
 14804 | Gauntlet | Identified the +0 chain mail "Apseohe" {*Drain rC+ rN+ MR+}
                  | (You found it on level 11 of the Dungeon)
 14805 | Gauntlet | Identified the amulet of Siuwka {Faith rPois Int+3} (You
                  | found it on level 1 of the Lair of Beasts)
 14910 | Gauntlet | Found a transporter.
 14928 | Gauntlet | Noticed a death ooze
 14931 | Gauntlet | Found a transporter.
 14963 | Gauntlet | Found a transporter.
 14986 | Gauntlet | XOM: enchant monster (good)
 14992 | Gauntlet | XOM: scenery: create altars
 14993 | Gauntlet | XOM: god gift: glowing cloak {god gift}
 15010 | Gauntlet | Engulfed by a death drake's foul pestilence

Illustrated notes

Levels and vault maps discovered:
D:1:      dpeg_arrival_three_same_balls, layout_basic
D:2:      layout_loops_ring, minmay_goblin_kobold_house
D:3:      layout_rooms, lemuel_crystal_altar, chequers_ecumenical_altar_lobes,
          chequers_serial_rivers_micro_d
D:4:      black_bear_nest_2, layout_basic, nicolae_overflow_hidden_temple,
          minmay_temple_entry_statues_fountains, uniq_natasha
D:5:      layout_basic, basic_altar, first_ration, lemuel_tele_altar
D:6:      layout_rooms, slow_altar_1, old_standard_altar, vehumet_statue,
          serial_shops, shop, gammafunk_ghost_smash, kennysheep_slug_shrine
D:7:      layout_rooms, nicolae_ru_the_path_less_chosen, serial_corexii_hall,
          corexii_hall_statues_t, corexii_hall_statues_i, wad_mini_maze,
          uniq_harold
D:8:      layout_basic, zin_treasury, kennysheep_mini,
          eat_drink_and_be_merry_uskayaw, ebering_ghost_disaster_area,
          enter_bailey_6, basic_altar, uniq_maurice
D:9:      cheibrodos_elevator_heist, layout_small_grid, xom_redecorated,
          uniq_prince_ribbit1
D:10:     layout_loops_cross
D:11:     layout_roguey, lair_entry_dummy, serial_shops, bzr_entry_dummy,
          hangedman_little_slice_of_home, uniq_fannar, uniq_psyche, uniq_sonja
D:12:     layout_gridville, orc_0_dummy, basic_altar, minmay_microvault,
          uniq_kirke
Temple:   minmay_temple_forest_path
Lair:1:   layout_cave_pods, gauntlet_entry_generic, kennysheep_snail_temple,
          lemuel_fruit_tree, uniq_urug
Gauntlet: gammafunk_gauntlet_one_two_three
          [minmay_gauntlet_arena_make_your_own_arena, nicolae_gauntlet_arena_x,
          gammafunk_gauntlet_arena_mazey, nicolae_gauntlet_arena_quarters,
          gammafunk_gauntlet_arena_crates, gammafunk_gauntlet_arena_hedges,
          gammafunk_gauntlet_arena_corners, gammafunk_gauntlet_arena_spirals,
          nicolae_gauntlet_arena_blocks, gauntlet_exit_green]

Skill      XL: |  1  2  3  4  5  6  7  8  9 10 11 12 13 |
---------------+----------------------------------------+-----
Axes           | 2 3 |  3.5
Armour         | 3 4 5 6 7 8 9 |  9.1
Stealth        | 1 |  1.0
Shields        | 3 4 5 6 7 8 |  8.8
Unarmed Combat | 1 2 4 5 7 9 10 12 | 12.5
Dodging        | 1 2 3 4 5 6 |  6.5
Fighting       | 4 5 6 7 |  7.9
Transmutations | 2 3 |  3.9
Spellcasting   | 1 3 |  3.7
Evocations     | |  0.7

Action                   |  1- 3 |  4- 6 |  7- 9 | 10-12 | 13-15 || total
-------------------------+-------+-------+-------+-------+-------++-------
Melee: War axe           |   168 |    59 |       |       |       ||   227
       Unarmed           |       |    89 |   390 |   772 |    69 ||  1320
       Headbutt          |       |       |       |    68 |    24 ||    92
Throw: Dart              |       |       |     8 |     2 |       ||    10
Evoke: Wand              |       |       |       |    10 |       ||    10
  Use: Scroll            |     2 |     9 |     5 |    15 |       ||    31
       Potion            |       |     8 |    12 |     5 |     4 ||    29
 Stab: Sleeping          |       |     4 |       |       |       ||     4
       Invisible         |       |     2 |       |       |       ||     2
       Distracted        |       |       |     2 |     7 |     1 ||    10
  Eat: Chunk             |     4 |     6 |    13 |    19 |       ||    42
       Ration            |       |       |     1 |       |     1 ||     2
Armor: Scale mail        |    72 |    78 |    94 |       |       ||   244
       Plate armour      |       |       |    63 |   259 |    32 ||   354
Dodge: Dodged            |    44 |    56 |   123 |   291 |    51 ||   565
Block: Kite shield       |    88 |    76 |   179 |   443 |    54 ||   840
